 Dungeon Crawl Stone Soup version 0.31.0-32-g396128a36d (webtiles) character file.

Game seed: 17819997284956191938

284596 community the Warrior (level 19, 0/175 (182) HPs)
             Began as a Pale Draconian Alchemist on Apr 3, 2024.
             Was the Champion of Okawaru.
             Slain by a spectral seven-headed hydra (2 damage)
             ... called from beyond by a ghost crab
             ... on level 3 of the Abyss.
             The game lasted 01:27:22 (57548 turns).

community the Warrior (Pale Draconian Alchemist)   Turns: 57548, Time: 01:27:22

HP:   0/175 (182)   AC: 16    Str: 24    XL:     19   Next: 79%
MP:   12/44         EV: 14    Int: 24    God:    Okawaru [******]
Gold: 4891          SH:  5    Dex:  8    Spells: 25/42 levels left

rFire   . . .        a - +9 lajatang "Gamiex" {spect, rPois Str+3 Dex-4}
rCold   . . .        (shield currently unavailable)
rNeg    . . .        (body armour unavailable)
rPois   +            z - +0 hat of Failure {Regen+}
rElec   .            J - scarf {repulsion}
rCorr   .            M - +2 pair of gloves {Dex+3}
SInv    .            i - +2 pair of boots
Will    +....        t - amulet of reflection
Stlth   ++           U - ring "Uzxus" {Fly Str+5 Int+6 Dex-3 Stlth+}
HPRegen 0.00/turn    G - ring of magical power
MPRegen 0.29/turn

%: repel missiles, reflection
@: sick, flying, lightly drained
A: breathe steam, AC +10, unfitting armour, cold-blooded, steam resistance
}: 2/15 runes: barnacled, gossamer
a: Breathe Steam, Renounce Religion, Heroism, Finesse, Duel, Receive Weapon


You were on level 3 of the Abyss.
You worshipped Okawaru.
Okawaru was exalted by your worship.
You visited 7 branches of the dungeon, and saw 34 of its levels.
You visited the Abyss 1 time.
You also visited: Ossuary and Bailey.

You collected 5881 gold pieces.
You spent 990 gold pieces at shops.

Inventory:

Hand Weapons
 a - the +9 lajatang "Gamiex" (weapon) {spect, rPois Str+3 Dex-4}
   (You found it on level 3 of the Dungeon)

   Str+3:     It affects your strength (+3).
   Dex-4:     It affects your dexterity (-4).
   rPois:     It protects you from poison
 b - the +9 staff of Olgreb {rPois∞}
   (You acquired it in a bailey)

   Radiate:   It can be activated via the 'a'bility menu to radiate toxic
   energy, with effectiveness depending on Evocations skill.
   Alch:      It enhances your alchemy magic.
   rPois∞: It grants immunity to poison.
Missiles
 d - 54 poisoned darts
 o - 13 throwing nets
 p - 11 silver javelins
 R - 34 javelins
Armour
 i - a +2 pair of boots (worn)
 n - the +0 cloak of Broken Taboos {rF- rC+++ rN+ rCorr}
   (You found it on level 1 of the Elven Halls)

   rF-:       It makes you vulnerable to fire.
   rC+++:     It renders you almost immune to cold.
   rN+:       It protects you from negative energy.
   rCorr:     It protects you from acid and corrosion.
 z - the +0 hat of Failure (worn) {Regen+}
   (Okawaru gifted it to you on level 13 of the Dungeon)

   Regen+:    It increases your rate of health regeneration.
 F - a +0 kite shield of cold resistance
 J - a scarf of repulsion (worn)
 M - a +2 pair of gloves of dexterity (worn)
Jewellery
 h - a ring of poison resistance
 s - the ring of Qaxenir {rF+ Int+3}
   (You found it on level 1 of the Shoals)

   [ring of protection from fire]

   Int+3:     It affects your intelligence (+3).
   rF+:       It protects you from fire.
 t - an amulet of reflection (around neck)
 G - a ring of magical power (right hand)
 T - a ring of ice
 U - the ring "Uzxus" (left hand) {Fly Str+5 Int+6 Dex-3 Stlth+}
   (You found it on level 1 of the Shoals)

   [ring of intelligence]

   Str+5:     It affects your strength (+5).
   Int+6:     It affects your intelligence (+6).
   Dex-3:     It affects your dexterity (-3).
   Fly:       It grants you flight.
   Stlth+:    It makes you more stealthy.
 V - a +6 ring of dexterity
Wands
 x - a wand of roots (35)
 y - a wand of paralysis (14)
 E - a wand of mindburst (36)
 O - a wand of polymorph (4)
 P - a wand of acid (8)
Scrolls
 e - 4 scrolls of enchant armour
 k - 3 scrolls of fear
 m - 15 scrolls of teleportation
 u - 6 scrolls of revelation
 w - 3 scrolls of immolation
 A - 8 scrolls of fog
 D - 2 scrolls of blinking
 I - 4 scrolls of amnesia
 K - 3 scrolls of poison
Potions
 c - 23 potions of curing
 f - 7 potions of brilliance
 g - 6 potions of mutation
 j - 6 potions of enlightenment
 l - 6 potions of haste
 q - 4 potions of magic
 r - 2 potions of berserk rage
 v - 6 potions of heal wounds
 B - 15 potions of might
 C - 12 potions of ambrosia
 H - 3 potions of cancellation
 L - 6 potions of resistance
 N - 9 potions of lignification
Miscellaneous
 S - a phial of floods


   Skills:
 * Level 19.1 Fighting
 + Level 15.2 Staves
 - Level 11.0 Dodging
 - Level 1.7 Stealth
 + Level 12.1 Spellcasting
 - Level 3.0 Conjurations
 * Level 17.9 Air Magic
 - Level 10.0 Alchemy
 + Level 13.1 Invocations


You had 25 spell levels left.
You knew the following spells:

 Your Spells              Type           Power      Damage    Failure   Level
a - Olgreb's Toxic Radia  Alch           58%        N/A       1%          4
b - Airstrike             Air            39%        2d(6-22)  1%          4
c - Mercury Vapours       Alch/Air       100%       N/A       1%          2
d - Mephitic Cloud        Conj/Alch/Air  59%        N/A       1%          3
e - Swiftness             Air            79%        N/A       0%          3
f - Sting                 Conj/Alch      100%       1d9       1%          1

Your spell library contained the following spells:

 Spells                   Type           Power      Damage    Failure   Level
 Shock                    Conj/Air       100%       1d9       1%          1
 Static Discharge         Conj/Air       100%       3-8/arc   1%          2
 Alistair's Intoxication  Alch           38%        N/A       1%          5
 Fulminant Prism          Conj/Alch      22%        3d12      3%          4
 Apportation              Tloc           28%        N/A       4%          1
 Sticky Flame             Fire/Alch      38%        2d8       5%          4
 Jinxbite                 Hex            28%        N/A       6%          2
 Lesser Beckoning         Tloc           28%        N/A       6%          2
 Scorch                   Fire           28%        2d6       6%          2
 Gell's Gravitas          Tloc           14%        N/A       13%         3
 Inner Flame              Hex/Fire       14%        N/A       13%         3
 Sigil of Binding         Hex            14%        N/A       13%         3
 Teleport Other           Tloc           14%        N/A       13%         3
 Volatile Blastmotes      Fire/Tloc      28%        2d12      13%         3
 Flame Wave               Conj/Fire      21%        2d8       22%         4
 Iskenderun's Mystic Bla  Conj/Tloc      21%        2d6       22%         4
 Iskenderun's Battlesphe  Conj           29%        2d8       32%         5
 Dimensional Bullseye     Hex/Tloc       7%         N/A       38%         4
 Manifold Assault         Tloc           14%        N/A       38%         4
 Bombard                  Conj/Erth      10%        9d3       98%         6
 Starburst                Conj/Fire      10%        6d5       98%         6
 Dispersal                Tloc           7%         N/A       100%        6
 Disjunction              Tloc           7%         N/A       100%        8
 Fire Storm               Conj/Fire      10%        8d3       100%        9
 Summon Lightning Spire   Summ/Air       Unusable   N/A       N/A         4
 Call Canine Familiar     Summ           Unusable   N/A       N/A         3
 Summon Cactus Giant      Summ           Unusable   N/A       N/A         6
 Spellforged Servitor     Conj/Summ      Unusable   N/A       N/A         7

Dungeon Overview and Level Annotations

Branches:
Dungeon (15/15)            Temple (1/1) D:5            Lair (5/5) D:11
 Shoals (4/4) Lair:3       Spider (4/4) Lair:2        Slime (0/5) Lair:5
    Orc (2/2) D:9             Elf (3/3) Orc:2        Vaults (0/5) D:14
 Depths (0/4) D:15        Ossuary (visited)          Bailey (visited)

Altars:
Ashenzari
Cheibriados
Dithmenos
Elyvilon
Fedhas
Gozag
Hepliaklqana
Kikubaaqudgha
Makhleb
Nemelex Xobeh
Okawaru
Qazlal
Ru
Sif Muna
Trog
Uskayaw
Vehumet
Wu Jian
Xom
Yredelemnul
Zin
The Shining One
Jiyva

Shops:
D:3 *   D:6 [   D:7 !([([   D:9 (   Orc:2 **![   Elf:1 [   Shoals:4 !

Annotations:
D:12 1 runed translucent door
Shoals:2 3 runed translucent doors, qdestroyer's ghost, journeyman MiFi
Elf:2 3 runed translucent doors


Innate Abilities, Weirdness & Mutations

You can breathe blasts of scalding, opaque steam.
Your pale cyan-grey scales are hard. (AC +10)
You cannot fit into any form of body armour.
You are cold-blooded and may be slowed by cold attacks.
You are immune to the effects of steam.


Message History

Okawaru accepts your kill.
You are engulfed in spectral mist.
* * * LOW HITPOINT WARNING * * *
The spectral demonspawn hits you.
* * * LOW HITPOINT WARNING * * *
The spectral demonspawn claws you but does no damage.
The spectral demonspawn gores you but does no damage.
The spectral seven-headed hydra bites you but does no damage.
The spectral seven-headed hydra completely misses you.
You block the spectral seven-headed hydra's attack.
The spectral seven-headed hydra barely misses you.
The spectral seven-headed hydra bites you.
* * * LOW HITPOINT WARNING * * *
You feel drained.
The spectral seven-headed hydra closely misses you. x2
The fire crab is engulfed in spectral mist.
The fire crab barely misses you. The fire crab claws you.
* * * LOW HITPOINT WARNING * * *
You are engulfed in flames!
* * * LOW HITPOINT WARNING * * *
You slice the fire crab!!
The fire crab is heavily wounded.
Your +9 lajatang "Gamiex" {spect, rPois Str+3 Dex-4} hits the fire crab!!!
You kill the fire crab!
Okawaru accepts your kill.
You are engulfed in spectral mist.
* * * LOW HITPOINT WARNING * * *
You hear a roar!
The spectral seven-headed hydra bites you.
* * * LOW HITPOINT WARNING * * *
You feel drained.
The spectral seven-headed hydra bites you but does no damage. x2
The spectral seven-headed hydra bites you!
* * * LOW HITPOINT WARNING * * *
The spectral seven-headed hydra bites you!
* * * LOW HITPOINT WARNING * * *
You feel drained.
* * * LOW HITPOINT WARNING * * *
The spectral seven-headed hydra bites you.
You die...

#.... .
#..... #..○#
#### #.○#
#...##.t## '
...○.○.#
#....°.Z○# #
####ZZZ##
### ###(@☼○#
........####
......... #
######. ## .
###..⌠# ...#
# φ # ### .
# #...
#⌠#####⌠# .
#.# .##
.....## # #
#. . .
......


You could see a ghost crab, a spectral seven-headed hydra (summoned), a spectral
demonspawn (summoned), a spectral spriggan defender (summoned), a spectral titan
(summoned) and a friendly +9 lajatang "Gamiex" {spect, rPois Str+3 Dex-4}.

Vanquished Creatures
  Nikola (Spider:4)
  Arachne (Spider:4)
  A deep elf master archer (Elf:3)
  A kraken (Shoals:2)
  Frances (D:14)
  Ilsuiw (Shoals:4)
  Aizul (Spider:3)
  Roxanne (D:14)
  5 emperor scorpions
  3 deep elf sorcerers
  4 ghost moths
  3 deep elf elementalists (Elf:3)
  An orc warlord (Bailey)
  A very ugly thing (D:15)
  A broodmother (Spider:1)
  A deep elf demonologist (Elf:1)
  3 deep elf death magi
  2 spark wasps
  3 deep elf annihilators
  An ettin (Orc:1)
  15 merfolk impalers
  3 entropy weavers
  8 merfolk javelineers
  4 deep elf high priests
  Harold (D:9)
  Fannar (D:11)
  A merfolk avatar (Lair:5)
  An ogre mage (Orc:2)
  4 hydras
  2 alligator snapping turtles
  5 centaur warriors
  10 dancing weapons
  4 jorogumos
  3 two-headed ogres
  2 boulder beetles
  7 merfolk aquamancers (Shoals:4)
  3 orc high priests (Orc:2)
  A thrashing horror (Abyss:3)
  6 death yaks (Lair:5)
  Urug (D:11)
  3 tengu warriors
  Nergalle (Lair:1)
  4 demonic crawlers
  11 deep elf knights
  2 fire crabs (Abyss:3)
  7 skysharks
  A skyshark (shapeshifter) (D:14)
  5 pharaoh ants
  A sun moth (Spider:4)
  Lodul (D:11)
  17 sea snakes
  14 orb spiders
  A sea snake (shapeshifter) (D:15)
  10 deep elf archers
  A glowing orange brain (D:15)
  4 steelbarb worms
  30 harpies
  25 deep elf pyromancers
  8 orc knights
  10 fauns
  2 oklob plants
  3 orc sorcerers (Orc:2)
  20 wolf spiders
  11 ugly things
  21 deep elf zephyrmancers
  2 moths of wrath (Spider:4)
  3 cyclopes
  A meliai (shapeshifter) (Elf:1)
  3 meliai (D:15)
  14 manticores
  16 elephants
  12 merfolk sirens
  6 kobold blastminers (Orc:2)
  4 black mambas
  A smoke demon (D:12)
  4 water nymphs
  10 torpor snails
  15 cane toads
  An efreet (D:15)
  A rime drake (shapeshifter) (D:15)
  3 orange demons (D:12)
  5 rime drakes
  12 komodo dragons
  3 yaktaurs
  2 ancient zymes (Abyss:3)
  2 ice devils (D:12)
  A tengu conjurer (D:13)
  4 polar bears
  A red devil (D:12)
  A troll (shapeshifter) (D:14)
  34 merfolk
  A queen bee (Lair:2)
  A hellwing (D:12)
  A polar bear (shapeshifter) (D:15)
  6 trolls
  A hornet (Lair:5)
  15 wind drakes
  Prince Ribbit (D:7)
  26 tarantellas
  A raiju (shapeshifter) (D:13)
  8 dream sheep
  2 blink frogs (Lair:5)
  13 snapping turtles
  12 slime creatures
  15 water elementals
  25 culicivoras
  A centaur simulacrum (D:14)
  27 jumping spiders
  A shadow (D:13)
  48 yaks
  9 wyverns
  4 wraiths
  A fire bat (shapeshifter) (Elf:1)
  4 fire elementals
  2 basilisks
  4 steam dragons
  64 redbacks
  9 wargs
  2 vampire mosquitoes (D:13)
  Menkaure (Ossuary)
  A small abomination (Abyss:3)
  Duvessa (D:7)
  An acid dragon (D:11)
  20 water moccasins
  30 orc warriors
  An ice beast (D:4)
  3 black bears
  4 wolves (Lair:1)
  14 ogres
  17 centaurs
  2 phantoms (D:5)
  An elf zombie (Ossuary)
  A kobold brigand (D:10)
  5 scorpions
  13 bullfrogs
  An earth elemental (Elf:1)
  7 wights
  Dowan (D:7)
  A troll zombie (Ossuary)
  47 killer bees
  3 howler monkeys
  2 electric eels (Lair:1)
  A bombardier beetle (D:5)
  A centaur zombie (Ossuary)
  A quasit (D:12)
  3 hounds
  A jelly (D:4)
  A gnoll bouda (D:9)
  11 orc priests
  6 iguanas
  2 sleepcaps
  24 orc wizards
  3 ogre zombies (Ossuary)
  6 mummies (Ossuary)
  19 gnolls
  15 adders
  A shadow imp (D:7)
  A white imp (D:7)
  2 adder zombies (Ossuary)
  3 dart slugs
  4 ribbon worms
  82 orcs
  10 endoplasms
  A giant cockroach (D:3)
  2 gnoll zombies (Ossuary)
  12 goblins
  9 hobgoblins
  2 jackals (D:1)
  6 quokkas
  11 ball pythons
  9 bats
  8 frilled lizards
  5 goblin zombies (Ossuary)
  2 hobgoblin zombies (Ossuary)
  25 kobolds
  5 kobold zombies (Ossuary)
  2 quokka zombies (Ossuary)
  4 rats
  6 rat zombies (Ossuary)
  3 tentacles (Shoals:2)
1282 creatures vanquished.

Vanquished Creatures (others)
  An angel (D:6)
  A merfolk aquamancer (Shoals:4)
  A thrashing horror (Abyss:3)
  A deep elf zephyrmancer (Elf:1)
  A jumping spider (Spider:4)
  An orc (Orc:2)
  9 spectral weapons
  2 tentacles (Shoals:2)
17 creatures vanquished.

Grand Total: 1299 creatures vanquished

Notes
Turn   | Place    | Note
-------+----------+-------------------------------------------
     0 | D:1      | community the Draconian Alchemist began the quest for the
                  | Orb.
     0 | D:1      | Reached XP level 1. HP: 14/14 MP: 3/3
   362 | D:1      | Reached XP level 2. HP: 22/22 MP: 1/5
   490 | D:1      | Reached skill level 1 in Fighting
   507 | D:1      | Learned a level 2 spell: Mercury Vapours
   945 | D:1      | Reached XP level 3. HP: 28/28 MP: 0/6
  1655 | D:2      | Reached XP level 4. HP: 36/36 MP: 1/7
  1838 | D:2      | Reached skill level 2 in Fighting
  2370 | D:2      | Reached XP level 5. HP: 42/42 MP: 1/8
  2692 | D:2      | Learned a level 3 spell: Mephitic Cloud
  2749 | D:3      | Identified the +9 lajatang "Gamiex" {spect, rPois Str+3
                  | Dex-4}
  2865 | D:3      | Found Lonk's General Store.
  3277 | D:3      | Reached skill level 3 in Fighting
  3367 | D:3      | Reached skill level 1 in Staves
  3519 | D:3      | Reached XP level 6. HP: 51/51 MP: 7/10
  4135 | D:3      | Learned a level 4 spell: Olgreb's Toxic Radiance
  4265 | D:4      | Found an ornate altar of the Wu Jian Council.
  4300 | D:4      | Noticed an ice beast
  4316 | D:4      | Killed an ice beast
  4317 | D:4      | Reached skill level 4 in Fighting
  4317 | D:4      | Your scales start taking on a pale cyan-grey colour.
  4317 | D:4      | Reached XP level 7. HP: 33/59 MP: 3/11
  4317 | D:4      | Gained mutation: You are immune to the effects of steam.
                  | [Pale Draconian growth]
  4388 | D:4      | Found a sand-covered staircase.
  4402 | Ossuary  | Entered an ossuary
  4704 | Ossuary  | Noticed Menkaure
  4859 | Ossuary  | Reached skill level 5 in Fighting
  5037 | Ossuary  | Reached XP level 8. HP: 53/68 MP: 13/13
  5108 | Ossuary  | Killed Menkaure
  5109 | Ossuary  | Reached skill level 5 in Alchemy
  5797 | D:5      | Entered Level 5 of the Dungeon
  6098 | D:5      | Found a bloodstained altar of Trog.
  6190 | D:5      | Found a staircase to the Ecumenical Temple.
  6201 | Temple   | Entered the Ecumenical Temple
  6222 | Temple   | Became a worshipper of Warmaster Okawaru
  6274 | D:5      | Reached skill level 6 in Fighting
  6636 | D:5      | Reached skill level 5 in Staves
  6636 | D:5      | Reached skill level 1 in Invocations
  7040 | D:6      | Found a snail-covered altar of Cheibriados.
  7046 | D:6      | Reached XP level 9. HP: 78/78 MP: 15/15
  7215 | D:6      | Found a shimmering altar of Xom.
  7216 | D:6      | Found a glowing silver altar of Zin.
  7216 | D:6      | Noticed an angel
  7250 | D:6      | Reached * piety under Okawaru
  7335 | D:6      | Reached skill level 7 in Fighting
  7390 | D:6      | Killed an angel
  7637 | D:6      | Found Xiseceagg's Antique Armour Shop.
  7906 | D:6      | Learned a level 4 spell: Airstrike
  7920 | D:7      | Found Oresukk's Antique Armour Boutique.
  7948 | D:7      | Found a radiant altar of Vehumet.
  8007 | D:7      | Found a flagged portal.
  8021 | Bailey   | Entered a bailey
  8062 | Bailey   | Noticed an orc warlord
  8118 | Bailey   | Reached skill level 1 in Air Magic
  8170 | Bailey   | Found a runed translucent gate.
  8170 | Bailey   | Found a runed translucent gate.
  8170 | Bailey   | Found a runed translucent gate.
  8506 | Bailey   | Acquired 888 gold pieces
  8508 | Bailey   | Acquired 822 gold pieces
  8575 | Bailey   | Killed an orc warlord
  8575 | Bailey   | Reached ** piety under Okawaru
  8576 | Bailey   | Reached skill level 5 in Spellcasting
  8806 | Bailey   | Acquired the +9 staff of Olgreb {rPois∞}
  8806 | Bailey   | Found the +9 staff of Olgreb {rPois∞}
  8920 | D:7      | Reached XP level 10. HP: 86/88 MP: 17/17
  8953 | D:7      | Found Zomnunicu's Antique Weapon Shoppe.
  9004 | D:7      | Noticed Prince Ribbit
  9011 | D:7      | Killed Prince Ribbit
  9012 | D:7      | Reached skill level 8 in Fighting
  9079 | D:7      | Found Ofump's Weapon Emporium.
  9181 | D:7      | Found Vuveusk's Armour Shop.
  9230 | D:7      | Bought a +0 pair of gloves of dexterity for 115 gold pieces
  9289 | D:7      | Reached *** piety under Okawaru
  9398 | D:7      | Found Tuenuec's Distillery.
  9402 | D:7      | Bought a potion of might for 52 gold pieces
  9402 | D:7      | Bought a potion of curing for 39 gold pieces
  9402 | D:7      | Bought a potion of curing for 39 gold pieces
  9402 | D:7      | Bought a potion of curing for 39 gold pieces
  9402 | D:7      | Bought a potion of heal wounds for 65 gold pieces
  9599 | D:7      | Noticed Duvessa
  9599 | D:7      | Noticed Dowan
  9638 | D:7      | Killed Duvessa
  9640 | D:7      | Killed Dowan
  9913 | D:7      | Found a hazy altar of Hepliaklqana.
 11038 | D:8      | Learned a level 3 spell: Swiftness
 11039 | D:9      | Noticed a two-headed ogre
 11047 | D:9      | Killed a two-headed ogre
 11047 | D:9      | Reached **** piety under Okawaru
 11048 | D:9      | Reached skill level 5 in Dodging
 11248 | D:9      | Found a staircase to the Orcish Mines.
 11345 | D:9      | Reached skill level 9 in Fighting
 11348 | D:9      | Reached skill level 5 in Air Magic
 11515 | D:9      | Noticed Harold
 11525 | D:9      | Killed Harold
 11525 | D:9      | Reached ***** piety under Okawaru
 11669 | D:9      | Reached XP level 11. HP: 97/97 MP: 16/19
 11826 | D:9      | Found Xeimeq's Antique Weapon Emporium.
 11939 | D:9      | Found a shimmering blue altar of Sif Muna.
 12099 | D:9      | Found a hide-covered altar of Uskayaw.
 12132 | D:10     | Entered Level 10 of the Dungeon
 12314 | D:10     | Found a basalt altar of Yredelemnul.
 12578 | D:10     | Acquired 786 gold pieces
 13385 | D:11     | Noticed a red ugly thing
 13392 | D:11     | Noticed a cyan ugly thing
 13393 | D:11     | Killed a red ugly thing
 13399 | D:11     | Killed a cyan ugly thing
 13560 | D:11     | Reached skill level 5 in Invocations
 13662 | D:11     | Noticed Lodul
 13671 | D:11     | Killed Lodul
 13671 | D:11     | Received a gift from Okawaru
 13908 | D:11     | Reached skill level 10 in Fighting
 14140 | D:11     | Found a staircase to the Lair.
 14140 | D:11     | Noticed Urug
 14195 | D:11     | Killed Urug
 14432 | D:11     | Noticed Fannar
 14442 | D:11     | Killed Fannar
 15067 | D:12     | Received a gift from Okawaru
 15071 | D:12     | Reached XP level 12. HP: 107/107 MP: 13/21
 15807 | D:12     | Found a runed translucent door.
 15807 | D:12     | Noticed a fire giant
 15809 | D:12     | Noticed a yaktaur captain
 15976 | D:12     | Noticed a two-headed ogre
 15981 | D:12     | Killed a two-headed ogre
 16166 | Lair:1   | Entered Level 1 of the Lair of Beasts
 16357 | Lair:1   | Reached ****** piety under Okawaru
 16401 | Lair:1   | Received a gift from Okawaru
 16402 | Lair:1   | Reached skill level 11 in Fighting
 16563 | Lair:1   | You fall into a shaft and drop 1 floor!
 16958 | Lair:1   | Reached skill level 10 in Staves
 17184 | Lair:1   | Received a gift from Okawaru
 17273 | Lair:1   | Noticed Nergalle
 17279 | Lair:1   | Killed Nergalle
 18091 | Lair:2   | Noticed a six-headed hydra
 18097 | Lair:2   | Killed a six-headed hydra
 18098 | Lair:2   | Reached XP level 13. HP: 116/116 MP: 12/23
 18598 | Lair:2   | Received a gift from Okawaru
 18994 | Lair:2   | Found a hole to the Spider Nest.
 19729 | Lair:3   | Reached skill level 12 in Fighting
 19729 | Lair:3   | Received a gift from Okawaru
 20584 | Lair:3   | Reached skill level 10 in Air Magic
 20864 | Lair:3   | Found a staircase to the Shoals.
 20905 | Lair:3   | Found a blossoming altar of Fedhas.
 21277 | Lair:4   | Received a gift from Okawaru
 22225 | Lair:4   | Received a gift from Okawaru
 22796 | Lair:5   | Entered Level 5 of the Lair of Beasts
 23108 | Lair:5   | Reached XP level 14. HP: 127/127 MP: 11/26
 23207 | Lair:5   | Found a staircase to the Slime Pits.
 23207 | Lair:5   | Found a viscous altar of Jiyva.
 23809 | Lair:5   | Received a gift from Okawaru
 24135 | Lair:5   | Reached skill level 13 in Fighting
 25548 | Lair:5   | Received a gift from Okawaru
 26458 | D:13     | Received a gift from Okawaru
 26805 | D:13     | Acquired the +0 hat of Failure {Regen+}
 26805 | D:13     | Received a gift from Okawaru
 27149 | D:13     | Found a snail-covered altar of Cheibriados.
 27500 | D:14     | Noticed Roxanne
 27515 | D:14     | Killed Roxanne
 27562 | D:14     | Reached XP level 15. HP: 137/137 MP: 27/27
 28078 | D:14     | Noticed Frances
 28093 | D:14     | Killed Frances
 28093 | D:14     | Received a gift from Okawaru
 28146 | D:14     | Identified the +5 battleaxe of Proximity {spect, rF+ Will+
                  | Int-4}
 28186 | D:14     | Reached skill level 14 in Fighting
 28456 | D:14     | Found a gate to the Vaults.
 28751 | D:15     | Entered Level 15 of the Dungeon
 28758 | D:15     | Reached XP level 16. HP: 126/146 MP: 13/28
 29299 | D:15     | Reached skill level 10 in Alchemy
 30115 | D:15     | Found a staircase to the Depths.
 30394 | D:15     | Received a gift from Okawaru
 30676 | Orc:1    | Entered Level 1 of the Orcish Mines
 31127 | Orc:2    | Entered Level 2 of the Orcish Mines
 31127 | Orc:2    | Found a staircase to the Elven Halls.
 31527 | Orc:1    | Found a burning altar of Makhleb.
 32681 | Orc:2    | Paralysed by an ogre mage for 5 turns
 32916 | Orc:2    | Received a gift from Okawaru
 33023 | Orc:2    | Found Guug's Armour Boutique.
 33023 | Orc:2    | Found Yprijelu's Distillery.
 33025 | Orc:2    | Found Bayfal's General Store.
 33025 | Orc:2    | Found Isenevus's General Store.
 33034 | Orc:2    | Bought a potion of heal wounds for 50 gold pieces
 33034 | Orc:2    | Bought a potion of magic for 80 gold pieces
 33037 | Orc:2    | Bought a potion of heal wounds for 85 gold pieces
 33037 | Orc:2    | Bought a potion of curing for 51 gold pieces
 33324 | Shoals:1 | Entered Level 1 of the Shoals
 33344 | Shoals:1 | Identified the ring "Uzxus" {Fly Str+5 Int+6 Dex-3 Stlth+}
 33980 | Shoals:1 | Identified the ring of Qaxenir {rF+ Int+3}
 34500 | Shoals:1 | Found a shadowy altar of Dithmenos.
 34729 | Shoals:1 | Reached skill level 15 in Fighting
 35513 | Shoals:2 | Received a gift from Okawaru
 35612 | Shoals:2 | Reached skill level 10 in Invocations
 36636 | Shoals:2 | Noticed a kraken
 36645 | Shoals:2 | Killed a kraken
 36645 | Shoals:2 | Received a gift from Okawaru
 36775 | Shoals:2 | Paralysed by a merfolk siren for 3 turns
 36952 | Shoals:2 | Reached XP level 17. HP: 144/156 MP: 11/30
 37227 | Shoals:2 | Found a runed translucent gate.
 37227 | Shoals:2 | Found a runed translucent gate.
 37227 | Shoals:2 | Found a runed translucent gate.
 37228 | Shoals:2 | Noticed qdestroyer's ghost (journeyman MiFi)
 37811 | Shoals:2 | Noticed a kraken
 38397 | Shoals:3 | Received a gift from Okawaru
 38398 | Shoals:3 | Reached skill level 10 in Spellcasting
 39709 | Shoals:3 | Reached skill level 16 in Fighting
 40239 | Shoals:4 | Entered Level 4 of the Shoals
 40281 | Shoals:4 | Noticed Ilsuiw
 40459 | Shoals:4 | Received a gift from Okawaru
 41052 | Shoals:4 | Killed Ilsuiw
 41053 | Shoals:4 | Reached skill level 10 in Dodging
 41839 | Shoals:4 | Reached skill level 15 in Air Magic
 43246 | Shoals:4 | Received a gift from Okawaru
 43752 | Shoals:4 | Found Zesuwn's Distillery.
 43780 | Shoals:4 | Bought a potion of heal wounds for 75 gold pieces
 43780 | Shoals:4 | Bought 2 potions of might for 120 gold pieces
 43780 | Shoals:4 | Bought a potion of curing for 45 gold pieces
 43780 | Shoals:4 | Bought a potion of curing for 45 gold pieces
 43780 | Shoals:4 | Bought a potion of curing for 45 gold pieces
 43780 | Shoals:4 | Bought a potion of curing for 45 gold pieces
 44016 | Shoals:4 | Reached XP level 18. HP: 168/168 MP: 13/32
 44616 | Shoals:4 | Got a barnacled rune of Zot
 45027 | Spider:1 | Entered Level 1 of the Spider Nest
 45347 | Spider:1 | Reached skill level 17 in Fighting
 45662 | Spider:1 | Received a gift from Okawaru
 47886 | Spider:2 | Received a gift from Okawaru
 49178 | Spider:3 | Received a gift from Okawaru
 49293 | Spider:3 | Got the Opusculum on the Volcano
 49318 | Spider:3 | Identified the serpent talisman of Snakes and Ladders
                  | {Will+ rCorr}
 49318 | Spider:3 | Noticed Aizul
 49327 | Spider:3 | Killed Aizul
 50321 | Spider:4 | Entered Level 4 of the Spider Nest
 51118 | Spider:4 | Noticed Nikola
 51679 | Spider:4 | Received a gift from Okawaru
 51745 | Spider:4 | Reached skill level 18 in Fighting
 52318 | Spider:4 | Killed Nikola
 52571 | Spider:4 | Reached XP level 19. HP: 174/175 MP: 18/34
 52682 | Spider:4 | Noticed Arachne
 52692 | Spider:4 | Killed Arachne
 52998 | Spider:4 | Received a gift from Okawaru
 53466 | Spider:4 | Got a gossamer rune of Zot
 53757 | Elf:1    | Entered Level 1 of the Elven Halls
 54560 | Elf:1    | Received a gift from Okawaru
 55108 | Elf:1    | Found Ewkon's Armour Shoppe.
 55341 | Elf:1    | Identified the +0 cloak of Broken Taboos {rF- rC+++ rN+
                  | rCorr}
 55570 | Elf:2    | Reached skill level 15 in Staves
 56245 | Elf:2    | Found a runed translucent gate.
 56245 | Elf:2    | Found a runed translucent gate.
 56245 | Elf:2    | Found a runed translucent gate.
 56445 | Elf:3    | Entered Level 3 of the Elven Halls
 56973 | Elf:3    | Reached skill level 19 in Fighting
 57424 | Elf:3    | Received a gift from Okawaru
 57477 | Abyss:3  | Cast into level 3 of the Abyss (a deep elf demonologist)
 57548 | Abyss:3  | HP: 3/178 [spectral seven-headed hydra[a ghost crab] (10)]
 57548 | Abyss:3  | Slain by a spectral seven-headed hydra

Illustrated notes

Levels and vault maps discovered:
D:1:      wander_arrival_chamber, layout_basic, minmay_hexomino_p4
D:2:      layout_loops_ring, grunt_ministairs_12, kennysheep_generic_room_16
D:3:      layout_basic, serial_shops, nicolae_shop_tiny_statue_garden,
          st_stairs_14, minmay_circle_x
D:4:      layout_cave_pools, mainiacjoe_overflow_boulevard,
          nicolae_ossuary_entry_monument, kennysheep_generic_room_9
D:5:      minmay_general_purpose_star, layout_basic,
          mainiacjoe_overflow_cross_hatched, minmay_temple_entry_glassed_door,
          serial_bayou, serial_bayou_ford_a, serial_bayou_shore_b,
          serial_bayou_pond_e, serial_bayou_pond_d, serial_bayou_lake_a,
          grunt_decor_clamped, minmay_crystal_room
D:6:      layout_gridville, grunt_temple_overflow_order_and_chaos_1,
          mainiacjoe_overflow_concentric_impassable, serial_shops, shop
D:7:      layout_loops_ring, lemuel_round_altar, old_standard_altar,
          serial_shops, shop, nicolae_shop_rolling_square, shop,
          nicolae_shop_waterfront, nicolae_shop_tiny_statue_garden,
          enter_bailey_4, st_stairs_3, uniq_duvessa, uniq_prince_ribbit1
D:8:      layout_gridville
D:9:      layout_stronghold, mainiacjoe_overflow_alcove_2, tgw_sif, orc_0_dummy,
          serial_shops, shop, uniq_harold
D:10:     nicolae_cairo_tiling_very_big, layout_basic,
          mainiacjoe_overflow_catwalk
D:11:     layout_roguey, lair_entry_dummy, uniq_fannar, uniq_lodul, uniq_urug
D:12:     layout_irregular_city, serial_demonic, serial_demonic_b,
          serial_demonic_e, serial_demonic_d, serial_demonic_f,
          serial_demonic_g, serial_demonic_g, serial_demonic_e,
          kennysheep_treasure_room
D:13:     layout_cave_pools, serial_column_ruins, column_ruins_hut_pillars,
          column_ruins_grid_3, column_ruins_columns_dead_end,
          column_ruins_grid_3, cheibrodos_worm_habitat
D:14:     layout_roguey, david_vaults_2, roderic_lattice_a, uniq_roxanne,
          uniq_frances
D:15:     gammafunk_enter_depths_forms, layout_long_grid,
          dreamdust_princess_bridge
Temple:   nicolae_temple_hex_pool
Lair:1:   layout_roguey, gauntlet_entry_generic, beast_lair_carwin_6,
          grunt_megastairs_2, serial_bayou_shore_b, serial_bayou_shore_a,
          uniq_nergalle
Lair:2:   layout_gridlike, nicolae_spider_entry_tight_spaces,
          portal_ice_cave_entry_ice_simulacra, special_room [special_room_bee]
Lair:3:   layout_hall_layers, elwin_shoals_entry_rocks, lemuel_oklob_altar,
          infiniplex_staircase_pool_2
Lair:4:   layout_cave_pods
Lair:5:   gammafunk_lair_ancient_temple, layout_layer_cave, slime_entry_1
Shoals:1: layout_shoals, lemuel_centaur_altar
Shoals:2: nicolae_shoals_deep_elves_summer_vacation, layout_shoals,
          ebering_ghost_rock_garden, yaktaur_hedge
Shoals:3: layout_shoals, nicolae_shoals_hunting_party
Shoals:4: shoals_end_simple, layout_shoals, shoals_ilsuiw_ice, serial_shops,
          shop, nicolae_shoals_stone_sculpture_thing
Spider:1: layout_chambers, nicolae_spider_nooks_and_crannies
Spider:2: layout_spider_delve
Spider:3: layout_chambers, uniq_aizul
Spider:4: johnstein_spider_rune_arachne_lair, uniq_nikola
Orc:1:    cheibrodos_orc_arena, layout_diamond_mine, basic_altar,
          nooodl_orcs_dogs
Orc:2:    grunt_orc_tribal_feast, layout_caves
Elf:1:    minmay_elf_arrival_plus, layout_gridlike, serial_shops,
          nicolae_shop_tiny_real_fake_doors, minmay_elf_sorcery, minivault_27
Elf:2:    elven_hall_of_blades_hangedman_original
          [nicolae_blade_entry_hurt_lockers], layout_geoelf_grid
Elf:3:    minmay_elf_hall_quartered_circle, layout_rooms, nrook_mini_backslash,
          nicolae_letterblocks [nicolae_letter_subblock,
          nicolae_letter_subblock, nicolae_letter_subblock,
          nicolae_letter_subblock, nicolae_letter_subblock,
          nicolae_letter_subblock, nicolae_letter_subblock,
          nicolae_letter_subblock, nicolae_letter_subblock,
          nicolae_letter_subblock, nicolae_letter_subblock,
          nicolae_letter_subblock, nicolae_letter_subblock,
          nicolae_letter_subblock, nicolae_letter_subblock,
          nicolae_letter_subblock, nicolae_letter_subblock,
          nicolae_letter_subblock, nicolae_letter_subblock,
          nicolae_letter_subblock, nicolae_letter_subblock,
          nicolae_letter_subblock, nicolae_letter_subblock,
          nicolae_letter_subblock, nicolae_letter_subblock]
Abyss:3:  base: D:8, evilmike_abyss_exit_15,
          hangedman_abyss_or_decor_jellyfish_corner,
          guppyfry_abyss_exit_imp_island,
          evilmike_nicolae_abyss_rune_betentacled_crabyss,
          evilmike_nicolae_abyss_rune_betentacled_crabyss

Skill      XL: |  1  2  3  4  5  6  7  8  9 10 11 12 13 14 15 16 17 18 19 |
---------------+----------------------------------------------------------+-----
Fighting       | 1 2 3 4 5 6 7 9 10 11 12 13 14 15 16 18 19 | 19.1
Conjurations   | 2 3 |  3.0
Alchemy        | 4 5 6 7 8 9 10 | 10.0
Staves         | 1 2 3 5 6 7 9 10 11 12 13 14 15 | 15.2
Dodging        | 2 3 4 5 6 7 8 9 10 11 | 11.0
Spellcasting   | 3 4 5 6 7 8 9 10 11 12 | 12.1
Invocations    | 1 3 4 5 6 7 8 9 10 11 12 13 | 13.1
Air Magic      | 3 5 7 9 10 12 13 15 16 17 | 17.9
Stealth        | |  1.7

Action                     |  1- 3 |  4- 6 |  7- 9 | 10-12 | 13-15 | 16-18 | 19-21 || total
---------------------------+-------+-------+-------+-------+-------+-------+-------++-------
  Melee: Unarmed           |    11 |       |       |     1 |       |       |       ||    12
         Club              |    60 |    46 |       |       |       |       |       ||   106
         Tailslap          |     6 |     4 |    19 |    12 |    20 |    60 |    25 ||   146
         Lajatang          |       |    38 |   145 |   166 |   138 |   465 |   141 ||  1093
         Staff             |       |       |     3 |     1 |       |       |       ||     4
   Cast: Sting             |    46 |    42 |    22 |       |       |       |       ||   110
         Mercury Vapours   |    12 |    36 |    19 |     1 |       |       |       ||    68
         Olgreb's Toxic Ra |       |       |    39 |   114 |    84 |   272 |    19 ||   528
         Airstrike         |       |       |       |   101 |   302 |   730 |   167 ||  1300
 Invoke: Receive Armour    |       |       |       |       |     1 |       |       ||     1
         Heroism           |       |       |       |       |       |     1 |       ||     1
Ability: Evoke the Staff o |       |       |       |     1 |       |       |       ||     1
         Breathe Steam     |       |       |       |     2 |     3 |     8 |       ||    13
  Evoke: Wand              |       |       |     4 |       |     1 |       |       ||     5
    Use: Scroll            |       |       |    18 |     8 |     8 |     4 |       ||    38
         Potion            |       |       |     2 |       |     3 |     5 |     1 ||    11
   Stab: Sleeping          |       |     3 |    10 |     2 |     1 |       |     3 ||    19
         Distracted        |       |     1 |       |       |       |     5 |       ||     6
 Armour: Skin              |    48 |    62 |    66 |   119 |   147 |   574 |   135 ||  1151
  Dodge: Dodged            |    75 |    49 |    49 |   108 |    93 |   380 |    64 ||   818
         Repelled          |       |       |       |       |       |       |     5 ||     5
  Block: Other             |       |       |       |    27 |    50 |    97 |    24 ||   198
         Reflection        |       |       |       |     1 |    11 |    15 |     5 ||    32
